 Dungeon Crawl Stone Soup version 0.22-a0-377-g846bec1 (webtiles) character file.

179 Amnesiac the Sneak (level 5, 0/41 HPs)
             Began as a Mummy Monk on Apr 27, 2018.
             Slain by an orc wizard
             ... wielding a +0 dagger
              (3 damage)
             ... on level 3 of the Dungeon.
             The game lasted 00:04:44 (4044 turns).

Amnesiac the Sneak (Mummy Monk)                     Turns: 4044, Time: 00:04:45

Health: 0/41       AC:  5    Str: 14    XL:     5   Next: 32%
Magic:  5/5        EV: 12    Int:  9    God:
Gold:   136        SH:  0    Dex: 16    Spells: 4/4 levels left

rFire    x . .     SeeInvis .   a - +0 short sword
rCold    + . .     Gourm    .   (no shield)
rNeg     + + +     Faith    .   i - +0 leather armour (curse)
rPois    ∞         Spirit   .   (no helmet)
rElec    .         Reflect  .   (no cloak)
rCorr    .         Harm     .   h - +1 pair of gloves {archery}
MR       .....                  (no boots)
Stlth    +.........             (no amulet)
HPRegen  0.13/turn              (no ring)
MPRegen  0.09/turn              (no ring)

@: confused
A: no food or potions, fire vulnerability, cold resistance 1, negative energy
resistance 3, torment resistance, unbreathing
a: no special abilities


You were on level 3 of the Dungeon.
You were not hungry.

You visited 1 branch of the dungeon, and saw 3 of its levels.

You collected 136 gold pieces.

Inventory:

Hand Weapons
 a - a +0 short sword (weapon)
 b - a +0 dagger
 k - a +3 hunting sling
Missiles
 e - 4 curare-tipped needles
Armour
 h - a +1 pair of gloves of archery (worn)
 i - a cursed +0 leather armour (worn)
Wands
 j - a wand of polymorph (6)
Scrolls
 c - 4 scrolls of identify {!r, unknown}
 d - 3 scrolls of magic mapping {!r}
 f - a scroll of noise {!r, unknown}
 g - 2 scrolls of fear {!r, unknown}


   Skills:
 - Level 3.0 Fighting
 + Level 3.4 Short Blades
 - Level 2.4 Dodging
 * Level 4.2 Stealth


You had 4 spell levels left.
You didn't know any spells.

Dungeon Overview and Level Annotations

Branches:
Dungeon (3/15)

Altars:

Annotations:
D:2 Terence


Innate Abilities, Weirdness & Mutations

You do not eat or drink.
Your flesh is vulnerable to fire.
You are immune to poison.
Your flesh is cold resistant. (rC+)
You are immune to negative energy. (rN+++)
You are immune to unholy pain and torment.
You can survive without breathing.


Message History

You kill the adder!
You see here an adder corpse.
You now have 136 gold pieces (gained 9).
Found a runed hunting sling. 2 orcs come into view.
Found a ration.
You see here a runed hunting sling.
k - a runed hunting sling An orc wizard comes into view.
It is wielding a dagger.
The orc wizard shouts!
The orc wizard casts a spell.
The orc wizard flickers and vanishes!
Deactivating autopickup; reactivate with Ctrl-A.
You swing at nothing.
You swing at nothing.
You swing at nothing.
You swing at nothing.
You hit something.
You hear some strange, mumbled words.
Something tries to affect you, but you resist.
You barely miss something. Something hits you.
You barely miss something. Something hits you but does no damage.
You hit something. You hit something but do no damage.
You hear some strange, mumbled words.
A magic dart appears from out of thin air!
The magic dart hits you!
You closely miss something. Something hits you but does no damage.
You hit something.
You hear some strange, mumbled words.
A magic dart appears from out of thin air!
The magic dart hits you!
Your leather armour prevents you from hitting something.
Something hits you but does no damage.
You barely miss something. Something hits you.
You closely miss something. Something hits you but does no damage.
You closely miss something. Something hits you but does no damage.
You barely miss something. Something hits you but does no damage.
You hit something.
You hear some strange, mumbled words.
A puff of flame appears from out of thin air!
The puff of flame hits you! The fire burns you terribly!
* * * LOW HITPOINT WARNING * * *
You hit something but do no damage.
You hear some strange, mumbled words.
A magic dart appears from out of thin air!
The magic dart hits you!
* * * LOW HITPOINT WARNING * * *
You closely miss something.
You hear some strange, mumbled words.
Something tries to affect you, but you resist.
You closely miss something. Something hits you.
* * * LOW HITPOINT WARNING * * *
You hit something. You closely miss something. Something hits you.
* * * LOW HITPOINT WARNING * * *
You miss something.
You hear some strange, mumbled words.
You are confused.
You're too confused!
You barely miss something. Something hits you.
* * * LOW HITPOINT WARNING * * *
You bump into the rock wall.
Something hits you.
You die...

#.# ..# ...#.# #.#
#.##..#..# #.#
##..#.#... #.#
#......%..
#.####...#...
#.....#..#
#.##...#.#
#.###...## #@#
##### #### #.#
#... #.# #... #.#
#... #.# #... #.#
#... #.# #...
#.##############.#
#.....†...........


There were no monsters in sight!

Vanquished Creatures
  Natasha (thrice) (D:2)
  A gnoll (D:1)
  4 adders
  3 worms (D:2)
  A leopard gecko (D:1)
  A ball python (D:2)
  10 bats
  A giant cockroach (D:2)
  9 goblins
  7 hobgoblins
  2 kobolds
  A quokka (D:2)
  3 frilled lizards (D:2)
  6 rats
52 creatures vanquished.

Notes
Turn   | Place    | Note
-------+----------+-------------------------------------------
     0 | D:1      | Amnesiac the Mummy Monk began the quest for the Orb.
     0 | D:1      | Reached XP level 1. HP: 18/18 MP: 1/1
   116 | D:1      | Reached skill level 2 in Stealth
   168 | D:1      | Reached XP level 2. HP: 24/24 MP: 2/2
  1122 | D:2      | Reached XP level 3. HP: 29/29 MP: 3/3
  1326 | D:1      | Reached skill level 3 in Stealth
  2450 | D:2      | Reached XP level 4. HP: 34/35 MP: 4/4
  2609 | D:2      | Noticed Natasha
  2626 | D:2      | Killed Natasha
  3199 | D:2      | Noticed Natasha
  3291 | D:2      | Killed Natasha
  3291 | D:2      | Reached skill level 4 in Stealth
  3291 | D:2      | Reached XP level 5. HP: 28/41 MP: 5/5
  3517 | D:2      | Noticed Natasha
  3532 | D:2      | Killed Natasha
  3694 | D:3      | Noticed Terence
  4044 | D:3      | Slain by an orc wizard

Vault maps used:
D:1:      lightli_arrival_windingriver, roderic_serpentine_path,
          kennysheep_decorative_pillar, roderic_lattice_a
D:2:      kennysheep_six_static_rooms, uniq_natasha
D:3:      hangedman_decor_diamond_cutter, uniq_terence

Skill      XL: |  1  2  3  4 |
---------------+-------------+-----
Stealth        | 2 3 4 |  4.2
Short Blades   | 3 |  3.4
Fighting       | |  3.0
Dodging        | |  2.4

Action                   |  1- 3 |  4- 6 || total
-------------------------+-------+-------++-------
Melee: Short sword       |   180 |   158 ||   338
  Use: Scroll            |       |     1 ||     1
 Stab: Sleeping          |     4 |     1 ||     5
Armor: Robe              |    31 |     7 ||    38
       Leather armour    |       |    15 ||    15
Dodge: Dodged            |   123 |    57 ||   180

Table legend:
 A = Spawn XP
 B = Non-spawn XP
 C = Spawn XP percentage of total XP
 D = Spawn monster count
 E = Non-spawn monster count
 F = Spawn count percentage of total count
 G = Total turns spent on level
                    A         B        C        D         E        F      G
               +---------+---------+-------+---------+---------+-------+---------
         Total |       0 |     256 |   0.0 |       0 |      52 |   0.0 |  4044
               +---------+---------+-------+---------+---------+-------+---------
           D:1 |       0 |      47 |   0.0 |       0 |      20 |   0.0 |  1234
           D:2 |       0 |     192 |   0.0 |       0 |      29 |   0.0 |  2476
           D:3 |       0 |      17 |   0.0 |       0 |       3 |   0.0 |   334
               +---------+---------+-------+---------+---------+-------+---------
